Map: 망각행 고속열차

Players

jamesraider

  • Race: Terran Terran
  • Spawn Location: 12:00

Neptune

  • Race: Zerg Zerg
  • Spawn Location: 0:00

VOD

Have the link to the VOD?

Description

Time

  • Played on: Aug. 19, 2017, 4:14 a.m.
  • Length: 23:20
Show
View Real Time Build Order
Export as new Build Order

jamesraider Terran 

Build Orders:  

Get SALT Encoding   

  12  0:03  SCV  
  13  0:20  SCV  
  13  0:28  Refinery  
  14  0:43  Refinery, SCV  
  15  1:00  SCV  
  15  1:07  Barracks  
  16  1:19  SCV  
  17  2:15  Factory  
  17  2:34  Elite Marine  
  21  2:41  SCV  
  22  2:57  Refinery  
  22  3:20  Refinery  
  22  3:22  Factory Tech Lab  
  22  3:28  Armory  
  22  3:59  SCV  
  23  4:05  Command Center  
  23  4:28  SCV  
  24  4:37  Starport, Operational Efficiency  
  24  4:45  SCV  
  24  4:49  Spider Mines  
  25  5:02  SCV  
  25  5:09  Terran Vehicle and Ship Weapons Level 1  
  26  5:19  SCV, Graduating Range  
  27  5:36  SCV  
  28  5:44  Starport Tech Lab  
  28  5:49  SCV  
  29  5:53  SCV  
  30  6:06  Caduceus Reactor, SCV  
  31  6:10  SCV  
  32  6:23  SCV  
  32  6:27  SCV  
  32  6:28  Raid Artillery  
  34  6:40  SCV  
  34  6:44  SCV  
  36  6:57  SCV  
  36  6:58  Smart Servos  
  37  7:01  SCV  
  37  7:07  Infernal Projectiles  
  38  7:14  SCV  
  38  7:18  SCV  
  40  7:43  Covert Triage  
  40  7:52  Terran Vehicle and Ship Weapons Level 2  
  40  8:01  Heavy Siege Tank  
  40  8:07  Ghost Visor  
  46  8:28  Enhanced Manufacturing  
  46  8:37  Raid Liberator  
  52  9:03  Raven Type-II  
  54  9:51  Railgun Turret  
  54  10:48  Heavy Siege Tank  
  60  12:04  Raid Liberator  
  66  12:14  Tactical Airlift  
  66  12:47  Terran Vehicle and Ship Weapons Level 3  
  66  13:16  Defensive Drone  
  66  13:22  Griffin Airstrike  
  66  14:04  Heavy Siege Tank  
  72  14:39  Railgun Turret  
  72  14:42  Raven Type-II  
  72  14:47  Railgun Turret  
  74  15:21  Tactical Airlift  
  74  16:00  Raid Liberator  
  74  16:07  Defensive Drone  
  80  16:22  Griffin Airstrike  
  80  16:54  Defensive Drone  
  80  17:05  Raven Type-II  
  82  17:17  Railgun Turret x2  
  80  18:38  Heavy Siege Tank  
  86  18:41  Railgun Turret  
  86  18:42  Railgun Turret  
  86  18:44  Strike Goliath  
  92  19:23  Defensive Drone  
  92  19:32  Griffin Airstrike  
  92  20:11  Griffin Airstrike  
  92  20:40  Tactical Airlift  
  92  20:52  Raid Liberator  
  92  20:53  Raven Type-II  
  92  20:59  Railgun Turret  
  100  21:00  Railgun Turret x2  
  100  21:03  Defensive Drone  
  100  21:19  Griffin Airstrike  
  100  21:24  Railgun Turret x2  
  100  22:25  Instant Regeneration, Defensive Drone  
  89  22:46  Defensive Drone  
  81  22:56  Defensive Drone  
Show
View Real Time Build Order
Export as new Build Order

Neptune Zerg 

Build Orders:  

Get SALT Encoding   

  12  0:42  Spawning Pool  
  11  1:17  Hatchery  
  10  1:25  Queen  
  12  2:56  Evolution Chamber  
  12  2:58  Evolution Chamber  
  2  3:24  Queen  
Tags
 
Add a new tag
Caveats
  • Supply blocks, unpowered buildings, or Contaminate may cause inaccurate times.
  • Supply counts are checked every 10 seconds.